AoeStats
← Samouele

Arabia

510438724Analyzed
2v2 RM · 16h ago on Oct 1, 2026· 26m 35s· 4 players
Game mode
Random Map
Map size
Medium (4 player)
Population
200
Speed
Normal
Resources
Standard
Victory
Conquest
Starting age
Dark Age
Ending age
Imperial Age
RankedLock teamsTeams togetherTeam positionsShared explorationLock speedFull tech treeHidden civsTurbo modeCheats
Victory
Defeat
🇲🇽 Khitans · Mexico
1200
+17
🇲🇽 Italians · Mexico
1161
+19
🇨🇦 Berbers · Canada
1289
-21
🇨🇦 Mapuche · Canada
1151
-15
vllanos60
6:55 Loom
9:52 Feudal Age
10:03 Man-at-Arms
15:11 Fletching
17:14 Padded Archer Armor
22:33 Double-Bit Axe
22:30 Horse Collar
24:18 Gold Mining
28:02 Castle Age
cesar_220988
7:15 Loom
9:34 Feudal Age
9:38 Man-at-Arms
14:13 Double-Bit Axe
16:11 Domestication
18:33 Forging
19:15 Scale Barding Armor
22:37 Castle Age
24:09 Iron Casting
23:50 Bow Saw
24:50 Gold Mining
24:50 Stone Mining
25:42 Wheelbarrow
25:56 Husbandry
26:17 Pastoralism
The Wizard
3:36 Loom
10:41 Feudal Age
17:20 Castle Age
17:58 Champi Runner
26:38 Padded Archer Armor
26:41 Scale Mail Armor
Samouele
5:37 Loom
8:29 Feudal Age
9:23 Double-Bit Axe
9:42 Horse Collar
20:09 Forging
19:50 Town Watch
21:20 Wheelbarrow
25:32 Castle Age
24:30 Bloodlines
Connection lost

Rejoining the realm…

Still unreachable

The connection could not be restored.

Session expired

The server has moved on; the page needs a fresh start.